 Dungeon Crawl Stone Soup version 0.17-a0-1373-g64d4c99 (webtiles) character file.

72 Ladykiller69 the Shield-Bearer (level 4, 26/37 HPs)
             Began as a Formicid Fighter on June 13, 2015.
             Was a Follower of Fedhas.
             Quit the game on level 2 of the Dungeon.
             The game lasted 00:03:48 (745 turns).

Ladykiller69 the Shield-Bearer (Formicid Fighter)    Turns: 745, Time: 00:03:48

Health: 26/37      AC:  7    Str: 22    XL:     4   Next: 48%
Magic:  4/4        EV:  8    Int:  7    God:    Fedhas [*.....]
Gold:   90         SH:  9    Dex: 10    Spells: 0 memorised, 3 levels left

rFire  . . .     SeeInvis +     a - +0 war axe
rCold  . . .     Clarity  .     b - +0 scale mail
rNeg   . . .     SustAt   .     c - +0 shield
rPois  .         Gourm    .     (helmet unavailable)
rElec  .         Spirit   .     (no cloak)
rCorr  .         Warding  .     (no gloves)
rMut   .         Stasis   +     (no boots)
MR     .....                    (no amulet)
Stlth  ..........               (no ring)
                                (no ring)

@: not resistant to hostile enchantments, extremely unstealthy
A: permanent stasis, dig shafts and tunnels, four strong arms, antennae 3
a: Dig, Shaft Self, Evolution, Renounce Religion


You were on level 2 of the Dungeon.
You worshipped Fedhas.
Fedhas was aware of your devotion.
You were not hungry.

You visited 1 branch of the dungeon, and saw 2 of its levels.

You collected 90 gold pieces.

Inventory:

Hand weapons
 a - a +0 war axe (weapon)
Armour
 b - a +0 scale mail (worn)
 c - a +0 shield (worn)
Scrolls
 f - a scroll of magic mapping {unknown}
 g - a scroll of blinking {unknown}
 j - 7 scrolls of identify {unknown}
 k - a scroll of recharging {unknown}
 m - a scroll of remove curse {unknown}
 n - a scroll of teleportation {unknown}
 s - a scroll of fog {unknown}
Potions
 d - a potion of might
 h - a potion of lignification {unknown}
 l - a potion of curing {unknown}
 q - a potion of mutation {unknown}
 r - a potion of magic {unknown}
Comestibles
 e - a bread ration
 i - a beef jerky
 o - 3 chunks of flesh
 p - a slice of pizza


   Skills:
 + Level 3.8 Fighting
 + Level 2.6 Axes
 + Level 4.0 Armour
 + Level 4.3 Shields


You had 3 spell levels left.
You didn't know any spells.

Dungeon Overview and Level Annotations

Branches:
Dungeon (2/15)

Altars:
Fedhas


Innate Abilities, Weirdness & Mutations

You are under a permanent stasis effect.
You can dig through walls and to a lower floor.
Your four strong arms can wield two-handed weapons with a shield.
You have a pair of large antennae on your head (SInv).


Message History

You now have 90 gold pieces (gained 7).
You open the door.
There is an open door here.
q - a fizzy inky potion You sense a monster nearby.
r - a fuming green potion
j - 7 scrolls labeled WITEOCZ QIGYCK (gained 1)
s - a scroll labeled GICHUE YDOH A goblin comes into view.
The goblin shouts!
The goblin barely misses you.
You closely miss the goblin. The goblin closely misses you.
The goblin hits you.
You miss the goblin. The goblin barely misses you.
You hit the goblin.
The goblin is heavily wounded.
The goblin barely misses you. x2
Assign waypoint to what number? (0-9)
Okay, then.
Are you sure you want to abandon this character and quit the game? (Confirm with "yes".)

#.#.#.#....#
#.#.#......#
#.#.######.#
{#######.#.#.. .#
#.......#.#.# ##
#..#....#.#.#
##.#.##.#.#.#
#.#.##.# #g#
#.#.##.# #@#
#.#....#.#.#
#.#..... #.#
#######.#..#####.#
...........#.....#
#######.####.#####
#.........#
######.##.# #.# #


You could see a goblin.

Vanquished Creatures
  5 gnolls
  2 giant geckos (D:1)
  4 bats (D:1)
  2 goblins (D:1)
  3 hobgoblins (D:1)
  2 jackals (D:1)
  A kobold (D:1)
  A ball python (D:1)
  2 giant newts (D:1)
  5 rats (D:1)
27 creatures vanquished.

Notes
Turn   | Place    | Note
--------------------------------------------------------------
     0 | D:1      | Ladykiller69 the Formicid Fighter began the quest for the Orb.
     0 | D:1      | Reached XP level 1. HP: 18/18 MP: 1/1
    95 | D:1      | Reached XP level 2. HP: 24/24 MP: 2/2
   244 | D:1      | Reached skill level 4 in Shields
   244 | D:1      | Reached XP level 3. HP: 16/29 MP: 3/3
   629 | D:2      | Found a faded altar to an unknown god.
   637 | D:2      | Became a worshipper of Fedhas Madash
   637 | D:2      | Acquired Fedhas's first power
   663 | D:2      | Reached XP level 4. HP: 24/37 MP: 4/4
   745 | D:2      | Quit the game

Vault maps used:
D:1:      evilmike_arrival_come_back, due_unseen_surprise
D:2:      gammafunk_temple_overflow_elements, ecumenical_altar_1

Action                   |  1- 3 |  4- 6 || total
-------------------------+-------+-------++-------
Melee: War axe           |   109 |    11 ||   120
 Abil: Dig               |     5 |       ||     5
